 Dungeon Crawl Stone Soup version 0.29-a0-284-gf9362112df (webtiles) character file.

Game seed: 17737919954252825927

728 NinjaNoafa the Poker (level 7, -1/52 HPs)
             Began as a Merfolk Gladiator on Mar 28, 2022.
             Was a Believer of Vehumet.
             Slain by a black bear (4 damage)
             ... on level 5 of the Dungeon.
             The game lasted 00:22:23 (2202 turns).

NinjaNoafa the Poker (Merfolk Gladiator)            Turns: 2202, Time: 00:22:23

Health: -1/52      AC: 14    Str: 14    XL:     7   Next: 72%
Magic:  0/7        EV: 12    Int:  9    God:    Vehumet [**....]
Gold:   144        SH:  0    Dex: 16    Spells: 5/6 levels left

rFire   . . .      SeeInvis .   g - +2 spear (pain)
rCold   . . .      Faith    .   (no shield)
rNeg    . . .      Spirit   +   n - +1 chain mail
rPois   .          Reflect  .   b - +2 helmet
rElec   .          Harm     .   (no cloak)
rCorr   .          Rampage  .   (no gloves)
Will    .....                   j - +0 pair of boots
Stlth   ..........              q - amulet of guardian spirit
HPRegen 0.17/turn               f - +4 ring of evasion
MPRegen 0.10/turn               u - +4 ring of slaying

@: no status effects
A: (nimble swimmer 2), mertail
a: Renounce Religion


You were on level 5 of the Dungeon.
You worshipped Vehumet.
Vehumet was pleased with you.
You visited 1 branch of the dungeon, and saw 6 of its levels.

You collected 144 gold pieces.

Inventory:

Hand Weapons
 e - a +2 vorpal mace
 g - a +2 spear of pain (weapon)
Missiles
 c - 5 poisoned darts (quivered)
 i - 77 stones
 l - 7 javelins
 p - 8 boomerangs
Armour
 b - a +2 helmet (worn)
 j - a +0 pair of boots (worn)
 n - a +1 chain mail (worn)
Jewellery
 f - a +4 ring of evasion (left hand)
 h - a +4 ring of slaying
 q - an amulet of guardian spirit (around neck)
 u - a +4 ring of slaying (right hand)


   Skills:
 + Level 3.4 Fighting
 - Level 1.7 Maces & Flails
 * Level 6.7 Polearms
 + Level 3.0 Throwing
 + Level 2.9 Armour
 + Level 5.5 Dodging
 + Level 1.0 Stealth
 + Level 0.1 Spellcasting
 + Level 0.1 Earth Magic
 + Level 1.8 Evocations


You had 5 spell levels left.
You knew the following spells:

 Your Spells              Type           Power      Damage    Failure   Level
a - Sandblast             Erth           0%         2d4       100%        1

Your spell library contained the following spells:

 Spells                   Type           Power      Damage    Failure   Level
 Magic Dart               Conj           0%         1d3       100%        1


Dungeon Overview and Level Annotations

Branches:
Dungeon (6/15)
 Temple: D:4-7

Altars:
Vehumet

Shops:
D:1 (


Innate Abilities, Weirdness & Mutations

((You are very nimble when in or above water. (Stealth+, EV+, Speed+++)))
Your lower body shifts to a powerful aquatic tail in water.


Message History

The black bear closely misses you.
Unknown command.
The black bear bites you but does no damage.
The black bear barely misses you.
The black bear claws you but does no damage.
The black bear bites you but does no damage.
The black bear barely misses you. The black bear closely misses you.
The black bear attacks as you move away!
The black bear barely misses you. The black bear closely misses you.
The black bear barely misses you.
It was a potion of cancellation.
You feel magically purged.
The black bear bites you but does no damage.
The black bear barely misses you. The black bear closely misses you. x2
The black bear claws you.
* * * LOW HITPOINT WARNING * * *
The black bear claws you but does no damage.
As you read the scroll labelled ZOR TETOQERPH, it crumbles to dust.
It is a scroll of enchant armour.
Your +0 chain mail glows green for a moment.
The black bear bites you but does no damage.
The black bear barely misses you. x2
As you read the scroll labelled YTOCVA ZYWOI, it crumbles to dust.
It is a scroll of identify.
You don't have any unidentified items.
The black bear bites you but does no damage.
The black bear claws you but does no damage.
The black bear claws you.
* * * LOW HITPOINT WARNING * * *
The black bear closely misses you. The black bear claws you.
* * * LOW HITPOINT WARNING * * *
The black bear barely misses you.
Casting: Sandblast (safe; 100% risk of failure)
Confirm with . or Enter, or press ? or * to list all spells.
Okay, then.
Reach: g) +2 spear (pain)
Press: ? - help, Dir - move target, f - black bear
Aim: a black bear (grey smoke, almost dead, berserk, about 24% to evade your +2 spear of pain)
Okay, then.
The black bear bites you.
You die...

##+## ##...## #
##.....##.#
##.......#.#
#....§.§...###.
+.§§§§§§.......
#.§§§§§@.......
#.§§§h§.######
##§§§§.##
##§§§## ##+##


You could see a black bear (berserk).

Vanquished Creatures
  A steam dragon (D:6)
  An ice beast (D:3)
  3 ogres
  A necrophage (D:6)
  A scorpion (D:5)
  A hound (D:6)
  Robin (D:3)
  4 adders
  A river rat (D:3)
  A dart slug (D:3)
  3 ball pythons
  A bat (D:1)
  4 endoplasms
  4 giant cockroaches
  8 goblins (D:3)
  5 hobgoblins
  3 jackals (D:2)
  A quokka (D:1)
  5 kobolds
  4 rats
53 creatures vanquished.

Notes
Turn   | Place    | Note
-------+----------+-------------------------------------------
     0 | D:1      | NinjaNoafa the Merfolk Gladiator began the quest for the
                  | Orb.
     0 | D:1      | Reached XP level 1. HP: 16/16 MP: 1/1
    77 | D:1      | Found Gasaxuju's Weapon Shop.
   121 | D:1      | Reached XP level 2. HP: 22/22 MP: 2/2
   534 | D:2      | Found a faded altar of an unknown god.
   561 | D:2      | Prayed at the altar of an unknown god.
   561 | D:2      | Became a worshipper of Vehumet
   561 | D:2      | Reached * piety under Vehumet
   561 | D:2      | Offered knowledge of Sandblast by Vehumet.
   570 | D:2      | Learned a level 1 spell: Sandblast
   592 | D:2      | Reached XP level 3. HP: 24/27 MP: 3/3
   629 | D:2      | Reached skill level 5 in Polearms
   676 | D:3      | Noticed an ice beast
   966 | D:4      | Noticed an ogre
   977 | D:4      | Killed an ogre
   978 | D:4      | Reached skill level 1 in Maces & Flails
   978 | D:4      | Reached skill level 1 in Armour
   978 | D:4      | Reached skill level 5 in Dodging
   978 | D:4      | Reached XP level 4. HP: 34/34 MP: 4/4
   978 | D:4      | Reached XP level 5. HP: 39/39 MP: 5/5
  1194 | D:3      | Noticed Robin
  1212 | D:3      | Found a glowing drain.
  1390 | D:3      | Killed Robin
  1390 | D:3      | Offered knowledge of Magic Dart by Vehumet.
  1698 | D:3      | Killed an ice beast
  1699 | D:3      | Reached skill level 1 in Stealth
  1699 | D:3      | Reached XP level 6. HP: 26/46 MP: 3/6
  1814 | D:5      | Entered Level 5 of the Dungeon
  1894 | D:5      | You fall into a shaft and drop 1 floor!
  1920 | D:6      | Reached skill level 1 in Evocations
  1999 | D:6      | Reached XP level 7. HP: 52/52 MP: 7/7
  2124 | D:6      | Noticed a steam dragon
  2129 | D:6      | Reached ** piety under Vehumet
  2130 | D:6      | Reached skill level 6 in Polearms
  2143 | D:6      | Killed a steam dragon
  2202 | D:5      | Slain by a black bear

Illustrated notes

Levels and vault maps discovered:
D:1:      heliophobic_arrival_henge, layout_loops_ring, serial_shops, shop,
          shop_fountains
D:2:      minmay_chambers_of_twos, layout_basic,
          hellmonk_ecumenical_altar_dog_temple, minmay_3d_cube
D:3:      kennysheep_six_static_rooms, layout_basic, lemuel_tele_altar,
          portal_sewer_entry_a, uniq_terence, uniq_robin
D:4:      layout_loops_cross, minmay_temple_entry_slanted,
          minmay_misc_feat_roman
D:5:      layout_loops_corners, serial_bayou_crossing
D:6:      layout_basic, uniq_pikel

Skill      XL: |  1  2  3  4  5  6  7 |
---------------+----------------------+-----
Polearms       | 5 6 |  6.7
Maces & Flails | 1 |  1.7
Armour         | 1 2 |  2.9
Dodging        | 5 |  5.5
Stealth        | 1 |  1.0
Fighting       | 3 |  3.4
Evocations     | 1 |  1.8
Throwing       | 3 |  3.0
Spellcasting   | |  0.1
Earth Magic    | |  0.1

Action                   |  1- 3 |  4- 6 |  7- 9 || total
-------------------------+-------+-------+-------++-------
Melee: Trident           |    69 |       |       ||    69
       Mace              |    10 |    40 |       ||    50
       Spear             |       |    55 |    38 ||    93
Throw: Javelin           |     2 |     4 |       ||     6
       Stone             |     6 |     5 |       ||    11
       Throwing net      |     2 |     1 |     1 ||     4
       Boomerang         |       |     4 |       ||     4
Evoke: Wand              |       |    13 |       ||    13
  Use: Scroll            |     1 |     2 |     3 ||     6
       Potion            |       |       |     1 ||     1
 Stab: Held in net/web   |       |       |     1 ||     1
Armor: Leather armour    |     9 |       |       ||     9
       Scale mail        |    11 |       |       ||    11
       Chain mail        |       |    88 |    32 ||   120
Dodge: Dodged            |    80 |   113 |    32 ||   225

Table legend: (Time is in decaauts)
 A = Elapsed time spent in this place.
 B = Non-inter-level travel time spent in this place.
 C = Inter-level travel time spent in this place.
 D = Time resting spent in this place.
 E = Time spent auto-exploring this place.
 F = Levels seen in this place.
 G = Mean time per level.
                   A        B        C        D        E       F      G
               +--------+--------+--------+--------+--------+-----+--------+
         Total |   2208 |   2208 |      0 |    605 |      0 |   6 |  368.0 |
       Dungeon |   2208 |   2208 |      0 |    605 |      0 |   6 |  368.0 |
               +--------+--------+--------+--------+--------+-----+--------+

Top non-repeatable levels by time:
     D:3: 805 daAuts
     D:1: 484 daAuts
     D:4: 372 daAuts
     D:6: 275 daAuts
     D:2: 170 daAuts
     D:5: 99 daAuts
